AoeStats
← pappery

MegaRandom

508772087Analyzed
4v4 RM · 9d ago on Sep 24, 2026· 38m 48s· 8 players
Game mode
Random Map
Map size
Large (8 player)
Population
200
Speed
Normal
Resources
Standard
Victory
Conquest
Starting age
Dark Age
Ending age
Imperial Age
RankedLock teamsTeams togetherTeam positionsShared explorationLock speedFull tech treeHidden civsTurbo modeCheats
Victory
Defeat
🇨🇦 Varangians · Canada
896
+9
🇺🇸 Saxons · United States
869
+10
🇺🇸 Danes · United States
810
+13
🇨🇦 Celts · Canada
646
+41
🇨🇱 Spanish · Chile
787
-15
🇺🇸 Malians · United States
760
-14
🇦🇷 Chinese · Argentina
724
-12
🇺🇸 Britons · United States
673
-10
BasicOrc4106
1:03 Loom
14:51 Feudal Age
15:47 Horse Collar
16:11 Gold Mining
18:56 Man-at-Arms
19:23 Arson
23:19 Castle Age
21:54 Wheelbarrow
23:17 Scale Mail Armor
Sauce_Tycoon710
0:56 Loom
10:00 Feudal Age
10:32 Double-Bit Axe
10:48 Horse Collar
16:44 Gold Mining
16:33 Man-at-Arms
17:53 Stone Mining
24:05 Castle Age
24:33 Forging
24:24 Scale Mail Armor
24:29 Scale Barding Armor
25:02 Long Swordsman
30:06 Heavy Plow
33:09 Bow Saw
34:45 Gold Shaft Mining
37:46 Iron Casting
37:28 Chain Mail Armor
37:14 Padded Archer Armor
ValenBernal6407
0:31 Loom
15:09 Feudal Age
17:25 Gold Mining
17:28 Double-Bit Axe
18:55 Stone Mining
23:04 Castle Age
21:06 Horse Collar
mauri90.hermosilla
7:41 Loom
11:33 Feudal Age
17:06 Castle Age
17:51 Forging
19:08 Iron Casting
19:13 Double-Bit Axe
22:02 Stone Mining
26:32 Husbandry
26:43 Bloodlines
27:55 Scale Barding Armor
27:48 Horse Collar
28:20 Bow Saw
28:17 Gold Mining
32:10 Heavy Plow
33:27 Wheelbarrow
34:56 Hand Cart
38:54 Fletching
o k
8:52 Loom
11:21 Feudal Age
17:16 Castle Age
15:20 Double-Bit Axe
16:38 Forging
16:39 Scale Barding Armor
18:28 Man-at-Arms
23:41 Iron Casting
29:43 Bloodlines
29:33 Husbandry
30:02 Chain Barding Armor
31:20 Arson
37:12 Imperial Age
37:13 Wheelbarrow
37:24 Elite Jarl
pappery
5:50 Loom
14:14 Feudal Age
17:57 Wheelbarrow
23:41 Forging
23:32 Scale Mail Armor
23:38 Scale Barding Armor
23:25 Fletching
23:36 Padded Archer Armor
25:06 Man-at-Arms
25:44 Double-Bit Axe
25:53 Gold Mining
26:26 Stone Mining
30:36 Castle Age
33:15 Gambesons
32:52 Long Swordsman
33:20 Arson
34:15 Iron Casting
33:56 Chain Mail Armor
33:58 Leather Archer Armor
33:54 Bodkin Arrow
34:20 Chain Barding Armor
35:01 Caravan
40:17 Imperial Age
TheGryph
10:32 Feudal Age
11:38 Loom
11:58 Double-Bit Axe
16:06 Horse Collar
21:17 Castle Age
22:09 Thumb Ring
21:25 Crossbowman
27:07 Fletching
27:19 Padded Archer Armor
27:42 Bow Saw
27:34 Heavy Plow
27:33 Gold Mining
30:02 Bodkin Arrow
30:18 Forging
30:25 Leather Archer Armor
30:11 Scale Mail Armor
31:17 Arson
34:27 Squires
35:15 Iron Casting
34:55 Chain Mail Armor
35:21 Gold Shaft Mining
39:48 Wheelbarrow
39:00 Town Watch
Mega Chad
5:49 Loom
12:37 Feudal Age
17:48 Castle Age
16:44 Man-at-Arms
20:23 Squires
20:40 Forging
22:29 Arson
23:27 Scale Mail Armor
24:08 Fishing Lines
26:15 Town Watch
26:39 Horse Collar
27:25 Double-Bit Axe
28:08 Gillnets
29:25 Wheelbarrow
29:16 Medium Warships
30:44 Bow Saw
32:56 Fletching
33:21 Chain Mail Armor
33:42 Iron Casting
34:52 Ballistics
34:28 Murder Holes
37:18 Imperial Age
35:08 Hand Cart
37:34 Bodkin Arrow
39:14 Heavy Plow
Connection lost

Rejoining the realm…

Still unreachable

The connection could not be restored.

Session expired

The server has moved on; the page needs a fresh start.